 Dungeon Crawl Stone Soup version 0.30-a0-46-g5a63ccc183 (webtiles) character file.

Game seed: 15420648447099806689

237 IdlyInterested the Trooper (level 5, -11/42 HPs)
             Began as a Demonspawn Wanderer on Sept 1, 2022.
             Mangled by an ogre
             ... wielding a +0 giant club
              (23 damage)
             ... on level 5 of the Dungeon.
             The game lasted 00:10:19 (4066 turns).

IdlyInterested the Trooper (Demonspawn Wanderer)    Turns: 4066, Time: 00:10:19

Health: -11/42     AC: 10    Str: 12    XL:     5   Next: 77%
Magic:  5/9        EV: 10    Int: 17    God:
Gold:   166        SH:  0    Dex: 11    Spells: 9/10 levels left

rFire   + . .      SeeInvis .    r - +0 quarterstaff
rCold   + . .      Faith    .    (shield currently unavailable)
rNeg    . . .      Spirit   .    i - +0 ring mail
rPois   .          Reflect  .    j - +1 helmet
rElec   .          Harm     .    q - scarf {rC+ rF+}
rCorr   .          Rampage  .    d - +0 pair of gloves
Will    .....                    (no boots)
Stlth   +.........               (no amulet)
HPRegen 0.14/turn                (no ring)
MPRegen 0.11/turn                (no ring)

@: very slightly contaminated
A: thin metallic scales 1, powered by death 1
a: no special abilities


You were on level 5 of the Dungeon.
You visited 1 branch of the dungeon, and saw 4 of its levels.

You collected 166 gold pieces.

Inventory:

Hand Weapons
 a - a +3 mace
 g - a +2 vampiric spear
 r - a +0 quarterstaff (weapon)
Missiles
 l - 4 javelins
Armour
 c - a +0 robe
 d - a +0 pair of gloves (worn)
 i - a +0 ring mail (worn)
 j - a +1 helmet (worn)
 q - a scarf of resistance (worn)
Wands
 m - a wand of flame (8)
Scrolls
 b - a scroll of fog
 k - a scroll of identify {unknown}
 n - a scroll of magic mapping {unknown}
 o - a scroll of poison {unknown}
 p - a scroll of enchant weapon {unknown}
Potions
 e - a potion of brilliance
 f - a potion of ambrosia {unknown}


   Skills:
 - Level 4.0 Fighting
 - Level 1.7(2.5) Maces & Flails
 * Level 2.7(3.0) Staves
 - Level 2.0 Armour
 + Level 1.6 Dodging
 * Level 3.1 Spellcasting
 + Level 2.4 Conjurations


You had 9 spell levels left.
You knew the following spells:

 Your Spells              Type           Power      Damage    Failure   Level
a - Foxfire               Conj/Fire      24%        2x1d5     22%         1

Your spell library contained the following spells:

 Spells                   Type           Power      Damage    Failure   Level
 Apportation              Tloc           4%         N/A       36%         1
 Necrotise                Necr           8%         1d4       36%         1
 Summon Small Mammal      Summ           8%         N/A       36%         1
 Stone Arrow              Conj/Erth      12%        3d7       56%         3
 Alistair's Intoxication  Tmut/Pois      1%         N/A       100%        5


Dungeon Overview and Level Annotations

Branches:
Dungeon (5/15)
 Temple: D:4-7

Altars:

Shops:
D:1 (   D:3 [


Innate Abilities, Weirdness & Mutations

You are partially covered in thin metallic scales. (AC +2)
You regenerate a little health from kills.


Message History

You miss the adder.
The adder is severely wounded.
Your foxfire dissipates!
The adder barely misses you. The adder attacks as you move away!
The adder closely misses you.
You hit the adder.
You kill the adder!
Casting: Foxfire (safe; 22% risk of failure)
Press: ? - help, Q - select action, (/) - cycle Dir - look around, f - activate You conjure some foxfire!
The ogre hits you with a +0 giant club!
You hit the ogre but do no damage.
The foxfire hits the ogre.
The ogre is lightly wounded.
The foxfire hits the ogre.
The ogre is moderately wounded.
The ogre barely misses you.
You hit the ogre.
The ogre is moderately wounded.
The ogre barely misses you.
Casting: Foxfire (safe; 22% risk of failure)
Press: ? - help, Q - select action, (/) - cycle Dir - look around, f - activate You conjure some foxfire!
You sock the ogre!
The ogre is heavily wounded.
The foxfire hits the ogre.
The ogre is severely wounded.
The foxfire hits the ogre but does no damage.
The ogre is severely wounded.
The ogre hits you with a +0 giant club!
Casting: Foxfire (safe; 22% risk of failure)
Press: ? - help, Q - select action, (/) - cycle Dir - look around, f - activate You miscast Foxfire.
You are very lightly contaminated with residual magic.
Nothing appears to happen.
The ogre hits you with a +0 giant club!!
* * * LOW HITPOINT WARNING * * *
You feel better.
The ogre hits you with a +0 giant club!!
Ouch! That really hurt!
You die...

. ...#....... ..
#..........O ... ##.
...........## ....
....
#........ยง.##...#
#...
#...............#
.#....#.......#
.....#
..............##....#
.......>.......#...#
..............@O#
.........#.#..#.#
#........###.####
#.......## ###
##..##### ###


You could see an ogre.

Vanquished Creatures
  Jessica (D:2)
  Natasha (thrice) (D:2)
  Robin (D:2)
  4 adders
  3 dart slugs
  An orc (D:3)
  3 endoplasms (D:2)
  4 giant cockroaches
  15 goblins
  9 hobgoblins
  6 jackals (D:1)
  3 quokkas
  5 ball pythons
  7 bats
  A frilled lizard (D:1)
  8 kobolds
  5 rats
79 creatures vanquished.

Vanquished Creatures (others)
  16 foxfires
16 creatures vanquished.

Grand Total: 95 creatures vanquished

Notes
Turn   | Place    | Note
-------+----------+-------------------------------------------
     0 | D:1      | IdlyInterested the Demonspawn Wanderer began the quest for
                  | the Orb.
     0 | D:1      | IdlyInterested set off with the following items: a +3 mace,
                  | a scroll of fog, a +0 robe; and the following spell
                  | memorised: Foxfire; and the following spells available to
                  | memorise: Stone Arrow.
     0 | D:1      | Reached XP level 1. HP: 19/19 MP: 2/2
   160 | D:1      | Found Ycliow Xoer's Weapon Emporium.
   169 | D:1      | Found a faded altar of an unknown god.
   206 | D:1      | Gained mutation: You are partially covered in thin metallic
                  | scales. (AC +2) [demonic ancestry]
   206 | D:1      | Reached XP level 2. HP: 25/25 MP: 4/4
   306 | D:1      | Reached skill level 1 in Staves
   750 | D:1      | Reached XP level 3. HP: 30/30 MP: 5/5
  1747 | D:2      | Reached XP level 4. HP: 26/37 MP: 7/7
  1838 | D:2      | Noticed Jessica
  1846 | D:2      | Killed Jessica
  2045 | D:2      | Noticed Robin
  2070 | D:2      | Reached skill level 1 in Dodging
  2100 | D:2      | Killed Robin
  2308 | D:2      | Noticed Natasha
  2318 | D:2      | Killed Natasha
  2319 | D:2      | Gained mutation: You regenerate a little health from kills.
                  | [demonic ancestry]
  2319 | D:2      | Reached XP level 5. HP: 17/42 MP: 7/9
  2643 | D:2      | Noticed Natasha
  2647 | D:2      | Killed Natasha
  2687 | D:2      | Noticed Natasha
  2697 | D:2      | Killed Natasha
  3616 | D:3      | Found Giotump's Antique Armour Boutique.
  4039 | D:3      | You fall into a shaft and drop 2 floors!
  4039 | D:5      | Entered Level 5 of the Dungeon
  4044 | D:5      | Noticed an ogre
  4065 | D:5      | HP: 2/42 [ogre/+0 giant club (19)]
  4066 | D:5      | Mangled by an ogre

Illustrated notes

Levels and vault maps discovered:
D:1:      dpeg_arrival_three_smaller_balls, layout_basic,
          basic_ecumenical_altar, serial_shops, nicolae_shop_stone,
          hangedman_decor_clover_reticule,
          nicolae_concentric_dashed_squares_mild, roderic_serpentine_path
D:2:      layout_basic, kennysheep_jessica_study, uniq_natasha, uniq_robin
D:3:      layout_basic, serial_shops, shop_statue
D:5:      layout_cave_pools

Skill      XL: |  1  2  3  4  5 |
---------------+----------------+-----
Staves         | 1 2 |  2.7
Armour         | 2 |  2.0
Spellcasting   | 2 3 |  3.1
Dodging        | 1 |  1.6
Conjurations   | 2 |  2.4
Fighting       | |  4.0
Maces & Flails | |  1.7

Action                   |  1- 3 |  4- 6 || total
-------------------------+-------+-------++-------
Melee: Mace              |   110 |    94 ||   204
       Quarterstaff      |       |     9 ||     9
Throw: Javelin           |       |     4 ||     4
 Cast: Foxfire           |       |    12 ||    12
  Use: Scroll            |     1 |       ||     1
       Potion            |       |     5 ||     5
Armor: Robe              |    44 |       ||    44
       Ring mail         |    10 |    43 ||    53
       Skin              |       |    35 ||    35
Dodge: Dodged            |    86 |    77 ||   163

Table legend: (Time is in decaauts)
 A = Elapsed time spent in this place.
 B = Non-inter-level travel time spent in this place.
 C = Inter-level travel time spent in this place.
 D = Time resting spent in this place.
 E = Time spent auto-exploring this place.
 F = Levels seen in this place.
 G = Mean time per level.
                   A        B        C        D        E       F      G
               +--------+--------+--------+--------+--------+-----+--------+
         Total |   4145 |   3506 |    639 |    871 |   1821 |   4 | 1036.2 |
       Dungeon |   4145 |   3506 |    639 |    871 |   1821 |   4 | 1036.2 |
               +--------+--------+--------+--------+--------+-----+--------+

Top non-repeatable levels by time:
     D:2: 1823 daAuts
     D:1: 1625 daAuts
     D:3: 669 daAuts
     D:5: 28 daAuts
